 Dungeon Crawl Stone Soup version 0.31.0-9-g3a7656b989 (webtiles) character file.

Game seed: 4977474410550790719

62 qw the Shooter (level 3, -2/20 HPs)
             Began as a Deep Elf Hunter on Feb 2, 2024.
             Slain by Terence
             ... wielding a +0 hand axe
              (5 damage)
             ... on level 2 of the Dungeon.
             The game lasted 00:00:05 (1046 turns).

qw the Shooter (Deep Elf Hunter)                    Turns: 1046, Time: 00:00:05

Health: -2/20      AC:  5    Str: 10    XL:     3   Next: 85%
Magic:  5/5        EV: 11    Int: 13    God:
Gold:   89         SH:  0    Dex: 18    Spells: 2/2 levels left

rFire   . . .        a - +0 shortbow
rCold   . . .        (shield currently unavailable)
rNeg    . . .        f - +0 ring mail
rPois   .            (no helmet)
rElec   .            (no cloak)
rCorr   .            (no gloves)
SInv    .            (no boots)
Will    .....        (no amulet)
Stlth   +            (no ring)
HPRegen 0.23/turn    (no ring)
MPRegen 0.09/turn

%: no passive effects
@: no status effects
A: no striking features
a: no special abilities


You were on level 2 of the Dungeon.
You visited 1 branch of the dungeon, and saw 2 of its levels.

You collected 89 gold pieces.


   Skills:
 - Level 1.5 Fighting
 + Level 7.3 Ranged Weapons
 - Level 2.4 Dodging
 - Level 1.2 Stealth


You had 2 spell levels left.
You didn't know any spells.
Your spell library was empty.

Inventory:

Hand Weapons
 a - a +0 shortbow (weapon)
Armour
 f - a +0 ring mail (worn)
Potions
 b - a potion of might {unknown}

Dungeon Overview and Level Annotations

Branches:
Dungeon (2/15)

Altars:

Annotations:
D:2 Terence


Message History

You shoot an arrow.
The arrow hits Terence but does no damage.
Terence is lightly wounded.
Terence hits you with a +0 hand axe.
Terence shouts, "DIE!!!"
Terence hits you with a +0 hand axe.
You shoot an arrow. The arrow barely misses Terence.
Terence hits you with a +0 hand axe.
You shoot an arrow. The arrow closely misses Terence.
Terence barely misses you.
You shoot an arrow. The arrow hits Terence.
Terence is lightly wounded.
Terence closely misses you.
You shoot an arrow.
The arrow hits Terence but does no damage.
Terence is lightly wounded.
Terence closely misses you.
You shoot an arrow. The arrow hits Terence.
Terence is moderately wounded.
Terence misses you. Terence hits you with a +0 hand axe.
You shoot an arrow. The arrow hits Terence.
Terence is moderately wounded.
Terence misses you.
You shoot an arrow. The arrow hits Terence!
Terence is severely wounded.
Terence hits you with a +0 hand axe.
You shoot an arrow. The arrow barely misses Terence.
Terence shouts, "Get ready for death!"
Terence barely misses you.
You shoot an arrow.
The arrow hits Terence but does no damage.
Terence is severely wounded.
Terence misses you.
You shoot an arrow. The arrow closely misses Terence.
Terence closely misses you. Terence hits you with a +0 hand axe.
You shoot an arrow. The arrow hits Terence.
Terence is almost dead.
Terence hits you with a +0 hand axe.
You die...
Terence says, "Rest in peace."

.<..# #.# #..#
....# ##.###..#
....###...##..###
...###..........#
...##.....##.##.##
.........##..##..#
.........##.####.#
#.#########>
#.#### #.# #.
#@...# ..##
#.....@)...# ##(##
#.###.###..# .##.#
.). .## ..#.# #:.
.# .$#.# .... #
.|#.# #.#. .##.#
#.#. ##..#


You could see Terence.

Vanquished Creatures
  A dart slug (D:1)
  8 ball pythons
  4 endoplasms
  A giant cockroach (D:1)
  5 goblins
  2 hobgoblins
  9 jackals
  4 quokkas
  8 bats
  2 frilled lizards (D:2)
  5 kobolds (D:2)
  6 rats
55 creatures vanquished.

Notes
Turn   | Place    | Note
-------+----------+-------------------------------------------
     0 | D:1      | qw the Deep Elf Hunter began the quest for the Orb.
     0 | D:1      | Reached XP level 1. HP: 12/12 MP: 3/3
     0 | D:1      | 0 ||| qw: Version: 0.3-a-155-g5e7d8dd
     0 | D:1      | 0 ||| qw: Game counter: 531
     0 | D:1      | 0 ||| qw: Melee chars always use a shield: true
     0 | D:1      | 0 ||| qw: God list: Okawaru
     0 | D:1      | 0 ||| qw: Allow faded altars: false
     0 | D:1      | 0 ||| qw: Do Orc after clearing Dungeon:15 true
     0 | D:1      | 0 ||| qw: Do second Lair branch before Depths: true
     0 | D:1      | 0 ||| qw: Lair rune preference: random
     0 | D:1      | 0 ||| qw: Goals: Normal
     0 | D:1      | 0 ||| PLANNING D:1-11
   233 | D:1      | Reached XP level 2. HP: 16/16 MP: 4/4
   268 | D:1      | Reached skill level 6 in Ranged Weapons
   638 | D:1      | Reached XP level 3. HP: 18/20 MP: 5/5
   893 | D:1      | 893 ||| UPGRADING to +0 ring mail.
   903 | D:1      | 903 ||| DROPPING +0 leather armour.
   904 | D:1      | 904 ||| READING scroll labelled HOAMEOMADO.
   904 | D:1      | 904 ||| IDENTIFYING scroll labelled ZOXILE PYMNO
   905 | D:1      | 905 ||| DROPPING scroll of butterflies.
   906 | D:1      | 906 ||| DROPPING scroll of amnesia.
   948 | D:2      | Reached skill level 7 in Ranged Weapons
  1029 | D:2      | Noticed Terence
  1042 | D:2      | HP: 5/20 [Terence/+0 hand axe (5)]
  1045 | D:2      | HP: 2/20 [Terence/+0 hand axe (3)]
  1046 | D:2      | Slain by Terence

Levels and vault maps discovered:
D:1:      dpeg_arrival_renting, layout_basic
D:2:      minmay_skewed_foursquare, layout_loops_ring, serial_shops,
          nicolae_shop_rolling_square, shop, nicolae_shop_hallway_stairs, shop,
          st_stairs_3, minmay_misc_feat_diagonals, grunt_decor_clamped,
          minmay_joined_circles, uniq_terence, uniq_natasha

Skill      XL: |  1  2  3 |
---------------+----------+-----
Ranged Weapons | 6 7 |  7.3
Fighting       | |  1.5
Dodging        | |  2.4
Stealth        | |  1.2

Action                     || total
---------------------------++-------
   Fire: Shortbow          ||   133
    Use: Scroll            ||     1
 Armour: Leather armour    ||    15
         Ring mail         ||    28
  Dodge: Dodged            ||    63

Table legend:
 A = Non-vault XP
 B = Vault XP
 C = Vault XP percentage of total XP
 D = Non-vault monster count
 E = Vault monster count
 F = Vault count percentage of total count
                 A         B        C        D         E       F
            +---------+---------+-------+---------+---------+-------
      Total |      64 |      25 |  28.1 |      37 |      18 |  32.7
            +---------+---------+-------+---------+---------+-------
        D:1 |      50 |       0 |   0.0 |      29 |       0 |   0.0
        D:2 |      14 |      25 |  64.1 |       8 |      18 |  69.2
            +---------+---------+-------+---------+---------+-------
